 Dungeon Crawl Stone Soup version 0.30-a0-634-g8abc85282e (webtiles) character file.

Game seed: 3353869347559365023

49 wormed the Insei (level 3, -1/23 HPs)
             Began as an Octopode Transmuter on Jan 14, 2023.
             Slain by a jelly (2 damage)
             ... on level 3 of the Dungeon.
             The game lasted 00:02:19 (1774 turns).

wormed the Insei (Octopode Transmuter)              Turns: 1774, Time: 00:02:20

Health: -1/23      AC: -3    Str:  9    XL:     3   Next: 75%
Magic:  3/6        EV: 13    Int: 17    God:
Gold:   65         SH:  0    Dex: 12    Spells: 3/6 levels left

rFire   . . .      SeeInvis .      - Unarmed
rCold   . . .      Faith    .    (no shield)
rNeg    . . .      Spirit   .    (helmet currently unavailable)
rPois   +          Reflect  .    (no amulet)
rElec   .          Harm     .    d - ring of poison resistance
rCorr   .          Rampage  .    (no ring)
Will    .....                    (no ring)
Stlth   ++                       (no ring)
HPRegen 0.23/turn                (no ring)
MPRegen 0.10/turn                (no ring)
                                 (no ring)
                                 (no ring)

@: appendages (expiring), wereblooded, corroded
A: tentacle spike 3, almost no armour, amphibious, 8 rings, camouflage 1,
gelatinous body 1, (nimble swimmer 1), tentacles
a: End Transformation


You were on level 3 of the Dungeon.
One of your tentacles had grown a beastly spike.
You visited 1 branch of the dungeon, and saw 3 of its levels.

You collected 65 gold pieces.

Inventory:

Jewellery
 d - a ring of poison resistance (left tentacle)
Scrolls
 a - 2 scrolls of fog
 j - a scroll of teleportation
Potions
 b - 2 potions of brilliance
 c - a potion of flight
 e - 2 potions of curing
 g - a potion of mutation {unknown}


   Skills:
 + Level 1.3 Fighting
 + Level 2.3 Dodging
 + Level 3.1 Unarmed Combat
 + Level 2.3 Spellcasting
 * Level 2.8 Transmutations
 + Level 0.8 Ice Magic


You had 3 spell levels left.
You knew the following spells:

 Your Spells              Type           Power      Damage    Failure   Level
a - Beastly Appendage     Tmut           22%        N/A       6%          1
b - Wereblood             Tmut           11%        N/A       9%          2

Your spell library contained the following spells:

 Spells                   Type           Power      Damage    Failure   Level
 Sublimation of Blood     Necr           2%         N/A       28%         2
 Spider Form              Tmut/Pois      6%         N/A       32%         3
 Ice Form                 Ice/Tmut       8%         N/A       65%         4
 Summon Hydra             Summ           1%         N/A       100%        7


Dungeon Overview and Level Annotations

Branches:
Dungeon (3/15)

Altars:
Wu Jian


Innate Abilities, Weirdness & Mutations

One of your tentacles has grown a beastly spike.
You cannot wear most types of armour.
You are amphibious.
You can wear up to eight rings at the same time.
Your skin changes colour to match your surroundings (Stealth+).
Your rubbery body absorbs attacks. (AC +1, EV +1)
((You are camouflaged when in or above water. (Stealth+)))
You have tentacles for arms and can constrict up to eight enemies at once.


Message History

Casting: Beastly Appendage (safe; 6% risk of failure)
Confirm with . or Enter, or press ? or * to list all spells.
Your blood is infused with primal strength.
The jelly closely misses you.
You tentacle-slap the jelly.
Your tentacles burn!
You pierce the jelly.
The jelly is moderately wounded.
The jelly hits you. The acid corrodes you!
You are splashed with acid!
You are too injured to fight recklessly!
You are too injured to fight recklessly!
You are too injured to fight recklessly!
You are too injured to fight recklessly!
You are too injured to fight recklessly!
You are too injured to fight recklessly!
You are too injured to fight recklessly!
You are too injured to fight recklessly!
You are too injured to fight recklessly!
Casting: Wereblood (safe; 9% risk of failure)
Confirm with . or Enter, or press ? or * to list all spells.
You don't know that spell.
You feel better. The jelly barely misses you.
You tentacle-slap the jelly but do no damage.
Your tentacles burn!
You squeeze the jelly!
The jelly is severely wounded.
You tentacle-slap the jelly.
Your tentacles burn!
The jelly is severely wounded.
Your transformation is almost over.
The bat barely misses you. The jelly hits you.
You are splashed with acid.
* * * LOW HITPOINT WARNING * * *
The bat hits you.
* * * LOW HITPOINT WARNING * * *
You barely miss the jelly.
The jelly is severely wounded.
The bat barely misses you. The jelly barely misses you.
You tentacle-slap the jelly but do no damage.
Your tentacles burn!
* * * LOW HITPOINT WARNING * * *
You pierce the jelly, but do no damage.
Your squeeze misses the jelly.
The jelly is severely wounded.
The bat closely misses you. The jelly hits you.
You die...

## ## #...# .. #...#.##
# #> #...#... #.##.
#...#.. . ...
######...#..
....##b####........#.###
......J@...........#....
...#.####.#........#....
#.######........ #.#
###...#.... #.#
#.....#.### #.#
#.#...#.# ..# #.#...#.#
### #.#..##.# #.#.## ..


You could see a jelly and a bat.

Vanquished Creatures
  An adder (D:2)
  A worm (D:2)
  A dart slug (D:1)
  4 ball pythons
  3 endoplasms
  A giant cockroach (D:2)
  A goblin (D:2)
  3 hobgoblins
  4 jackals (D:2)
  2 kobolds (D:1)
  3 quokkas
  3 bats
  A frilled lizard (D:1)
  2 rats (D:1)
30 creatures vanquished.

Notes
Turn   | Place    | Note
-------+----------+-------------------------------------------
     0 | D:1      | wormed the Octopode Transmuter began the quest for the Orb.
     0 | D:1      | Reached XP level 1. HP: 13/13 MP: 3/3
   175 | D:1      | Reached XP level 2. HP: 6/18 MP: 3/5
   260 | D:1      | Learned a level 2 spell: Wereblood
   925 | D:1      | Found a faded altar of an unknown god.
  1009 | D:2      | Reached XP level 3. HP: 22/23 MP: 2/6
  1435 | D:2      | Found an ornate altar of the Wu Jian Council.
  1774 | D:3      | HP: 1/23 [acid (3)]
  1774 | D:3      | Slain by a jelly

Illustrated notes

Levels and vault maps discovered:
D:1:      evilmike_arrival_rings, layout_rooms,
          dilly_ecumenical_altar_fadedgnrine, minmay_tromino_v4_c
D:2:      layout_rooms, basic_altar
D:3:      minmay_recursive_quarters, layout_loops_cross,
          beargit_hepliaklqana_dungeon_heroes, fedhas_altar_fruit_tree,
          chequers_temple_overflow_minitemple, mainiacjoe_overflow_alcove_4,
          uniq_natasha, uniq_terence, uniq_ijyb

Action                   || total
-------------------------++-------
Melee: Unarmed           ||    67
       Constrict         ||    13
       Kick              ||    12
       Tentacles         ||     9
       Punch             ||     4
 Cast: Beastly Appendage ||    18
       Wereblood         ||    10
  Use: Potion            ||     2
       Scroll            ||     7
 Stab: Sleeping          ||     4
Armor: Skin              ||     6
Dodge: Dodged            ||    45

Table legend: (Time is in decaauts)
 A = Elapsed time spent in this place.
 B = Non-inter-level travel time spent in this place.
 C = Inter-level travel time spent in this place.
 D = Time resting spent in this place.
 E = Time spent auto-exploring this place.
 F = Levels seen in this place.
 G = Mean time per level.
                   A        B        C        D        E       F      G
               +--------+--------+--------+--------+--------+-----+--------+
         Total |   1768 |   1745 |     23 |      0 |   1492 |   3 |  589.3 |
       Dungeon |   1768 |   1745 |     23 |      0 |   1492 |   3 |  589.3 |
               +--------+--------+--------+--------+--------+-----+--------+

Top non-repeatable levels by time:
     D:1: 952 daAuts
     D:2: 700 daAuts
     D:3: 115 daAuts
